 Dungeon Crawl Stone Soup version 0.30-a0-1050-g2766ea1e55 (webtiles) character file.

Game seed: 3474725276051170347

28 CryoSword the Firebug (level 3, -5/26 HPs)
             Began as a Draconian Fire Elementalist on Apr 11, 2023.
             Killed from afar by Sigmund (7 damage)
             ... with a magic dart
             ... on level 2 of the Dungeon.
             The game lasted 00:02:16 (1242 turns).

CryoSword the Firebug (Draconian Fire Elementalist) Turns: 1242, Time: 00:02:16

Health: -5/26      AC:  5    Str: 10    XL:     3   Next: 0%
Magic:  0/6        EV: 12    Int: 17    God:
Gold:   26         SH:  0    Dex: 11    Spells: 3/6 levels left

rFire   . . .      SeeInvis .    k - +1 dagger (venom)
rCold   . . .      Faith    .    (no shield)
rNeg    . . .      Spirit   .    (body armour unavailable)
rPois   .          Reflect  .    (helmet restricted)
rElec   .          Rampage  .    (no cloak)
rCorr   .                        (no gloves)
Will    .....                    (no boots)
Stlth   ++                       (no amulet)
HPRegen 0.24/turn                (no ring)
MPRegen 0.10/turn                (no ring)

@: very slightly contaminated
A: AC +5, unfitting armour, cold-blooded
a: no special abilities


You were on level 2 of the Dungeon.
You visited 1 branch of the dungeon, and saw 2 of its levels.

You collected 52 gold pieces.
You spent 26 gold pieces at shops.

Inventory:

Hand Weapons
 k - a +1 dagger of venom (weapon)
   (You took it off a goblin on level 1 of the Dungeon)
Missiles
 g - a poisoned dart (quivered)
Scrolls
 d - a scroll of blinking {unknown}
 f - a scroll of identify {@r1}
 h - a scroll of noise {unknown}
 l - a scroll of fog {unknown}
 m - a scroll of poison {unknown}
Potions
 b - a potion of curing {unknown}
 c - a potion of resistance {unknown}
 e - a potion of berserk rage {unknown}
 i - a potion of heal wounds {unknown}
 j - a potion of mutation {unknown}


   Skills:
 + Level 0.0 Fighting
 + Level 0.1 Polearms
 - Level 1.7 Dodging
 + Level 1.7 Stealth
 - Level 2.0 Spellcasting
 * Level 2.1 Conjurations
 * Level 3.6 Fire Magic


You had 3 spell levels left.
You knew the following spells:

 Your Spells              Type           Power      Damage    Failure   Level
a - Foxfire               Conj/Fire      44%        2x1d6     6%          1
b - Scorch                Fire           28%        2d6       7%          2

Your spell library contained the following spells:

 Spells                   Type           Power      Damage    Failure   Level
 Inner Flame              Hex/Fire       7%         N/A       28%         3
 Volatile Blastmotes      Fire/Tloc      14%        2d11      28%         3
 Gell's Gravitas          Tloc           1%         N/A       50%         3
 Teleport Other           Tloc           1%         N/A       50%         3
 Flame Wave               Conj/Fire      11%        2d6       52%         4
 Dispersal                Tloc           0%         N/A       100%        6


Dungeon Overview and Level Annotations

Branches:
Dungeon (2/15)

Altars:

Shops:
D:1 *

Annotations:
D:2 Sigmund


Innate Abilities, Weirdness & Mutations

Your plain brown scales are hard. (AC +5)
You cannot fit into any form of body armour.
You are cold-blooded and may be slowed by cold attacks.


Message History

A goblin is nearby!
A goblin is nearby!
A goblin is nearby!
You see here a fizzy orange potion.
The helpless goblin fails to defend itself.
You hit the goblin.
You kill the goblin!
No target in view!
j - a fizzy orange potion You see here a +1 dagger of venom.
k - a +1 dagger of venom Your +1 dagger of venom begins to drip with poison!
k - a +1 dagger of venom (weapon)
You drop a +0 short sword.
Found a scale mail.
You see here a +0 scale mail.
Found a chain mail.
You see here a +0 chain mail.
A ball python comes into view.
A ball python is nearby!
A ball python is nearby!
A ball python is nearby!
The helpless ball python fails to defend itself.
You puncture the ball python!
You kill the ball python!
No target in view!
You pick up a There-And-Back Book and begin reading...
You add the spells Gell's Gravitas, Teleport Other and Dispersal to your library.
There is a stone staircase leading down here.
Could not explore, unopened door.
Could not explore, unopened door.
Could not explore, unopened door.
You open the door.
Found Xolokkin's General Store.
Found a stone staircase leading down.
There is an open door here.
There is a stone staircase leading down here.
There is an entrance to Xolokkin's General Store here.
f - a scroll of identify {@r1} Thank you for shopping at Xolokkin's General Store!
Memorise Scorch, consuming 2 spell levels and leaving 2?
You start memorising the spell.
You continue memorising. x2
You finish memorising.
Spell assigned to 'b'.
Could not explore, unopened door.
Could not explore, unopened door.
You open the door.
There is an open door here.
There is a stone staircase leading down here.
Things that are here:
a +0 spear; 2 stones An endoplasm comes into view.
An endoplasm is nearby!
An endoplasm is nearby!
An endoplasm is nearby!
The helpless endoplasm fails to defend itself.
You hit the endoplasm. The endoplasm barely misses you.
You hit the endoplasm.
You kill the endoplasm!
Key pressed, stopping explore.
No target in view!
Found a faded altar of an unknown god.
There is a faded altar of an unknown god here.
Things that are here:
a +0 dagger; 3 stones
l - a scroll labelled WEONO MOICHE Could not explore, unopened door.
Could not explore, unopened door.
No target in view!
You open the door.
Found a scroll labelled OWUSSI EMOMIR.
There is an open door here.
m - a scroll labelled OWUSSI EMOMIR
There is an open door here.
Could not explore, unopened door.
As you open the door, it creaks loudly!
There is an open door here.
Done exploring.
Done exploring.
Done exploring.
There is a stone staircase leading down here.
You climb downwards.
There is a stone staircase leading up here.
Could not explore, unopened door.
Could not explore, unopened door.
Could not explore, unopened door.
As you open the door, it creaks loudly!
There is an open door here.
Found a sling.
Found a stone staircase leading down.
You see here a +0 sling.
There is a stone staircase leading down here.
A goblin comes into view. It is wielding a +0 dagger.
A goblin is nearby!
A goblin and a rat come into view.
Flames lash the goblin.
You kill the goblin!
The goblin shouts!
Sigmund the Dreaded comes into view.
He is wielding a +0 scythe.
Sigmund shouts!
Sigmund casts a spell.
Sigmund flickers and vanishes!
Deactivating autopickup; reactivate with Ctrl-A.
You conjure some foxfire!
You conjure some foxfire!
The foxfire hits the rat.
You kill the rat!
You miscast Foxfire.
You are very lightly contaminated with residual magic.
Nothing appears to happen.
The foxfire hits something.
The foxfire hits something but does no damage.
The foxfire hits something.
Your magical contamination has completely faded away.
You are confused.
You bump into the rock wall.
You feel less confused.
Sigmund giggles. "Time to reap what you sow."
You closely miss the goblin. The goblin hits you but does no damage.
You barely miss the goblin. The goblin hits you but does no damage.
Sigmund hits you from afar with a +0 scythe!
You closely miss the goblin. You tail-slap the goblin.
The goblin hits you but does no damage.
Flames lash the goblin.
You kill the goblin!
You have reached level 3!
Your experience leads to an increase in your attributes!
Increase (S)trength, (I)ntelligence, or (D)exterity?
You feel clever. x2; Your scales feel tougher.
You conjure some foxfire!
Sigmund hits you from afar with a +0 scythe!
* * * LOW HITPOINT WARNING * * *
The foxfire hits Sigmund. x2
Magic courses through your body. Sigmund closely misses you.
You miscast Scorch.
You are very lightly contaminated with residual magic.
Nothing appears to happen.
Flames lash Sigmund.
Sigmund's fire resistance burns away.
Sigmund barely misses you.
You miscast Scorch.
Nothing appears to happen.
Sigmund hits you from afar with a +0 scythe!
* * * LOW HITPOINT WARNING * * *
You conjure some foxfire!
The foxfire hits Sigmund but does no damage.
The foxfire hits Sigmund.
Sigmund is burned terribly!
Throw: 2 darts (poison)
Aim: Sigmund, wielding a +0 scythe and wearing a +0 robe (almost dead, more vulnerable to fire, 50% to hit)
You throw a poisoned dart.
The poisoned dart closely misses Sigmund.
Sigmund is no longer more vulnerable to fire.
Sigmund gestures at you while chanting. The magic dart hits you!
You die...

####.# #........#.#
##########....# ########.#.#
.#........#....# # #.#.#
..........#....#.# #.#..
........g.#....#.# #.###
#####..#.#....#.######## #.#
#...#.#......^......# #.###
##...#>.)..§.........###.#..
#...##.#(@§@.........'.....#
#...##.##.§..........#####.#
##.g.##.##............# #.#
###...###.##............#
#.# ###.....#
#.##............# #.#
#......## #...............#
#.# ...†.###
#..)............# #.# ...###
#............#### #.# ..##
#....##......# #<#


You could see Sigmund.

Vanquished Creatures
  2 endoplasms (D:1)
  3 goblins
  A hobgoblin (D:1)
  6 jackals (D:1)
  A quokka (D:1)
  2 ball pythons (D:1)
  3 frilled lizards (D:1)
  5 kobolds (D:1)
  4 rats
27 creatures vanquished.

Vanquished Creatures (others)
  30 foxfires
  12 plants
42 creatures vanquished.

Grand Total: 69 creatures vanquished

Notes
Turn   | Place    | Note
-------+----------+-------------------------------------------
     0 | D:1      | CryoSword the Draconian Fire Elementalist began the quest
                  | for the Orb.
     0 | D:1      | Reached XP level 1. HP: 14/14 MP: 3/3
   327 | D:1      | Reached XP level 2. HP: 14/20 MP: 0/5
   790 | D:1      | Found Xolokkin's General Store.
   798 | D:1      | Bought a scroll of identify for 26 gold pieces
   801 | D:1      | Learned a level 2 spell: Scorch
   923 | D:1      | Found a faded altar of an unknown god.
  1193 | D:2      | Noticed Sigmund
  1234 | D:2      | Reached XP level 3. HP: 16/26 MP: 1/6
  1239 | D:2      | HP: 1/26 [Sigmund/+0 scythe (9)]
  1242 | D:2      | Killed from afar by Sigmund

Illustrated notes

Levels and vault maps discovered:
D:1:      dpeg_arrival_court, layout_loops_ring, serial_shops,
          nicolae_shop_hallway_stairs, chequers_ecumenical_altar_grove,
          lexackson_kobold_supper
D:2:      layout_basic, serial_curves, eino_curves_02, eino_curves_04,
          minmay_statues_item, serial_bayou_lake_a, uniq_sigmund

Skill      XL: |  1  2 |
---------------+-------+-----
Conjurations   | 2 |  2.1
Polearms       | |  0.1
Dodging        | |  1.7
Stealth        | |  1.7
Spellcasting   | |  2.0
Fire Magic     | |  3.6

Action                     || total
---------------------------++-------
  Melee: Unarmed           ||    11
         Spear             ||     7
         Tailslap          ||     6
         Short sword       ||    24
         Dagger            ||     6
  Throw: Dart              ||     1
   Cast: Foxfire           ||    20
         Scorch            ||     3
    Use: Potion            ||     1
   Stab: Sleeping          ||     3
 Armour: Skin              ||    23
  Dodge: Dodged            ||    38

Table legend: (Time is in decaauts)
 A = Elapsed time spent in this place.
 B = Non-inter-level travel time spent in this place.
 C = Inter-level travel time spent in this place.
 D = Time resting spent in this place.
 E = Time spent auto-exploring this place.
 F = Levels seen in this place.
 G = Mean time per level.
                   A        B        C        D        E       F      G
               +--------+--------+--------+--------+--------+-----+--------+
         Total |   1240 |   1164 |     76 |      0 |    940 |   2 |  620.0 |
       Dungeon |   1240 |   1164 |     76 |      0 |    940 |   2 |  620.0 |
               +--------+--------+--------+--------+--------+-----+--------+

Top non-repeatable levels by time:
     D:1: 1083 daAuts
     D:2: 157 daAuts
